[Event "*** Qualifier 1: Titled Tuesday 3|2 Blitz"]
[Site "Chess.com"]
[Date "2017.04.04"]
[Round "9"]
[White "PelinGorki"]
[Black "amaidel"]
[Result "1-0"]
[WhiteElo "2408"]
[BlackElo "2479"]
[TimeControl "180+2"]
[EndTime "15:06:20 PDT"]
[Termination "PelinGorki won by resignation"]

1. e4 e6 2. Nc3 d5 3. d4 Bb4 4. e5 Ne7 5. a3 Bxc3+ 6. bxc3 c5 7. Qg4 Qc7 8. Qxg7 Rg8 9. Qxh7 cxd4 10. Ne2 dxc3 11. f4 Nbc6 12. h4 b6 13. Rh3 d4 14.
Rg3 Rf8 15. a4 Ba6 16. Ba3 O-O-O 17. Rd1 d3 18. Nxc3 Nf5 19. Bxf8 Rxf8 20. Bxd3 Bxd3 21. Rgxd3 Nb4 22. Rh3 Nxc2+ 23. Kd2 Nce3 24. Rxe3 Nxe3 25.
Nb5 Nc4+ 26. Ke2 Qc5 27. Qe4 Kb8 28. Rd7 Na5 29. Rxa7 Nc6 30. Rc7 Rc8 31. Rxc8+ Kxc8 32.
Qxc6+ Qxc6 33. Na7+ Kb7 34. Nxc6 Kxc6 35. h5 Kd7 36. h6 Ke7 37. g4 Kf8 38. g5 1-0

[Event "*** Qualifier 1: Titled Tuesday 3|2 Blitz"]
[Site "Chess.com"]
[Date "2017.04.04"]
[Round "9"]
[White "macko06"]
[Black "MyleneFarmer"]
[Result "1-0"]
[WhiteElo "2352"]
[BlackElo "2328"]
[TimeControl "180+2"]
[EndTime "15:06:37 PDT"]
[Termination "macko06 won by checkmate"]

1. d4 a6 2. e4 Ra7 3. f4 Ra8 4.
Nf3 e6 5. Bd3 d5 6. e5 c5 7. c3 Nc6 8. O-O b5 9. Ng5 Nh6 10. Be3 g6 11. Nd2 Nf5 12. Bxf5 gxf5 13. Qh5 Qc7 14. dxc5 h6 15. Ngf3 Ne7 16. b4 Ng6 17.
Nd4 Rg8 18. a4 bxa4 19. Rxa4 Bd7 20. Ra2 Be7 21. Qe2 Qb7 22. N2f3 Kf8 23. Rfa1 Kg7 24. Rxa6 Rxa6 25. Qxa6 Qc7 26. Qa7 Qc8 27. Ra6 Rd8 28. c6 Be8 29. b5 Qb8 30. Qxb8 Rxb8 31. b6 Bc5 32. c7 Rc8 33. b7 Rxc7 34. b8=Q Re7 35.
Nxf5+ exf5 36. Bxc5 Re6 37. Rxe6 fxe6 38. Qxe8 Nxf4 39.
Bf8+ Kh7 40. Qf7+ Kh8 41. Qg7# 1-0

[Event "*** Qualifier 1: Titled Tuesday 3|2 Blitz"]
[Site "Chess.com"]
[Date "2017.04.04"]
[Round "9"]
[White "TooOldTooSlow70"]
[Black "RitvarsReimanis"]
[Result "1-0"]
[WhiteElo "2347"]
[BlackElo "2417"]
[TimeControl "180+2"]
[EndTime "15:06:47 PDT"]
[Termination "TooOldTooSlow70 won by resignation"]

1. d4 Nf6 2. Bg5 e6 3. e3 d5 4.
Nd2 Nbd7 5. Bd3 Be7 6. f4 b6 7. Ngf3 Bb7 8. c3 h6 9. Bh4 g5 10. fxg5 Ng4 11. Qe2 hxg5 12. Bg3 f5 13. h3 Bd6 14.
Bxd6 cxd6 15. O-O-O Nh6 16. g4 Qf6 17. Rdg1 f4 18.
e4 O-O-O 19. h4 Nf7 20. h5 Rde8 21. Ba6 Nb8 22. Bb5 Re7 23. Re1 a6 24. Bd3 Rhe8 25. e5 dxe5 26. Nxe5 Nh6 27. Ndf3 b5 28. a4 bxa4 29.
Qc2 a3 30. bxa3 Rc7 31. Kd2 Qe7 32. Qb3 Bc6 33. Rb1 Rb7 34. Nxc6 Nxc6 35. Bxa6 Na5 36. Qa4 Nc4+ 37. Bxc4 Rxb1 38. Rxb1 Qc7 39. Qxe8+ 1-0

[Event "*** Qualifier 1: Titled Tuesday 3|2 Blitz"]
[Site "Chess.com"]
[Date "2017.04.04"]
[Round "9"]
[White "stepanosinovsky"]
[Black "nihalsarin"]
[Result "0-1"]
[WhiteElo "2205"]
[BlackElo "2497"]
[TimeControl "180+2"]
[EndTime "15:06:52 PDT"]
[Termination "nihalsarin won by resignation"]

1. e4 Nc6 2. Nf3 e5 3. Bb5 Nge7 4.
O-O Ng6 5. c3 a6 6. Ba4 b5 7.
Bb3 Bc5 8. d4 Be7 9. a4 b4 10.
Nbd2 Rb8 11. a5 d6 12. Qe2 O-O 13. g3 bxc3 14. bxc3 Bg4 15. Bc4 exd4 16. h3 Bxh3 17. cxd4 Bxf1 18. Nxf1 Bf6 19. Be3 Qe8 20. N1d2 Nb4 21.
Bxa6 Nc2 22. Ra2 Nxe3 23. Qxe3 c5 24. dxc5 Qc6 25. cxd6 Qxa6 26. e5 Rfe8 27. d7 Re6 28.
Qd4 Nxe5 29. Nxe5 Rxe5 30. Kg2 Qb7+ 31. Nf3 Rd5 32. a6 Rxd4 33. axb7 Rxd7 0-1

[Event "*** Qualifier 1: Titled Tuesday 3|2 Blitz"]
[Site "Chess.com"]
[Date "2017.04.04"]
[Round "9"]
[White "Usurpov"]
[Black "dhanushbharadwaj"]
[Result "1-0"]
[WhiteElo "2332"]
[BlackElo "2417"]
[TimeControl "180+2"]
[EndTime "15:06:59 PDT"]
[Termination "Usurpov won by checkmate"]

1. e4 c5 2. Nf3 d6 3. Bb5+ Nd7 4.
d4 cxd4 5. Qxd4 a6 6. Bxd7+ Bxd7 7. Nc3 e5 8. Qd3 h6 9. Nd2 b5 10. Nf1 Nf6 11. Ne3 Bc6 12. O-O Be7 13. Rd1 O-O 14.
Nf5 b4 15. Qg3 Nh5 16. Qg4 bxc3 17. Bxh6 g6 18. Rd3 cxb2 19. Rb1 Nf6 20. Qh4 Bxe4 21. Nxe7+ Qxe7 22. Bg5 Bxd3 23. Bxf6 Qxf6 24. Qxf6 Bxc2 25.
Rxb2 Rab8 26. Rxb8 Rxb8 27. h4 Bf5 28. Qxd6 Rb1+ 29.
Kh2 e4 30. Qxa6 Rb2 31. Qa7 Be6 32. a3 Ra2 33. Qc5 Kh7 34. h5 gxh5 35. Qxh5+ Kg7 36. Qg5+ Kf8 37. Qc5+ Kg7 38. Kg3 Kf6 39. Kf4 Rd2 40. Qg5# 1-0

[Event "*** Qualifier 1: Titled Tuesday 3|2 Blitz"]
[Site "Chess.com"]
[Date "2017.04.04"]
[Round "9"]
[White "Grebeniuk-S"]
[Black "StoreySniper"]
[Result "0-1"]
[WhiteElo "2385"]
[BlackElo "2244"]
[TimeControl "180+2"]
[EndTime "15:07:00 PDT"]
[Termination "StoreySniper won by resignation"]

1. d4 g6 2. Nf3 Bg7 3. c3 d5 4. Bg5 h6 5. Bh4 Nf6 6. Nbd2 c6 7. e3 Bf5 8. Be2 Nbd7 9. O-O O-O 10. c4 g5 11. Bg3 Nh5 12. cxd5 Nxg3 13. fxg3 cxd5 14. Nxg5 hxg5 15. Rxf5 e6 16. Rf1 f5 17.
Qb3 g4 18. Rac1 Qg5 19. Kf2 Bh6 20. Rc3 Nf6 21. Rfc1 Rf7 22. Bd3 Qxe3+ 23. Kf1 Qxd2 24.
Re1 Ne4 25. Rc2 Qg5 26. Kg1 Raf8 27. Rce2 Qf6 28. Qa4 Bg7 29. Re3 Qxd4 30. Qd1 Bh6 31. Qe2 Bxe3+ 32. Qxe3 Qxe3+ 33. Rxe3 Rc8 34. h3 gxh3 35.
gxh3 Rg7 36. g4 fxg4 37. h4 g3 38. Kg2 Rf8 39. h5 Rf2+ 40. Kg1 Rd2 41. Be2 Rxe2 42. Rxe2 Rg5 43. h6 Rh5 44. Rc2 Rxh6 45. Rc7 Rh7 46.
Rc8+ Kg7 47. Kg2 Kg6 48. Rg8+ Kf7 49. Rb8 Rh2+ 50. Kg1 Rxb2 51. a4 Ng5 52. Kf1 Nf3 0-1

[Event "*** Qualifier 1: Titled Tuesday 3|2 Blitz"]
[Site "Chess.com"]
[Date "2017.04.04"]
[Round "9"]
[White "AkshatChandra"]
[Black "Duhless"]
[Result "1-0"]
[WhiteElo "2655"]
[BlackElo "2712"]
[TimeControl "180+2"]
[EndTime "15:07:01 PDT"]
[Termination "AkshatChandra won by checkmate"]

1. e4 g6 2. d4 Bg7 3. Nc3 d6 4. Be3 a6 5. Qd2 b5 6. h4 Nf6 7.
f3 h5 8. O-O-O Nbd7 9. Nh3 Nb6 10. d5 Bxh3 11. Rxh3 Rc8 12. a3 Nbd7 13. Kb1 c6 14. dxc6 Rxc6 15. Nd5 Nxd5 16. exd5 Rc8 17. Bd4 Bxd4 18.
Qxd4 O-O 19. g4 hxg4 20. fxg4 Qb6 21. Qd2 Kg7 22. h5 Rh8 23. h6+ Kh7 24. g5 Ne5 25.
Re3 Rc7 26. Re4 Rf8 27. Rf4 Qc5 28. Bd3 a5 29. Rdf1 b4 30. a4 Kg8 31. Bb5 Rfc8 32.
Bc6 Nxc6 33. Rxf7 Kh8 34. h7 Qd4 35. Rf8+ Rxf8 36. Rxf8+ Kxh7 37. Qh2+ Kg7 38. Qh8# 1-0

[Event "*** Qualifier 1: Titled Tuesday 3|2 Blitz"]
[Site "Chess.com"]
[Date "2017.04.04"]
[Round "9"]
[White "GMHess"]
[Black "severomorskij"]
[Result "0-1"]
[WhiteElo "2590"]
[BlackElo "2653"]
[TimeControl "180+2"]
[EndTime "15:07:01 PDT"]
[Termination "severomorskij won by resignation"]

1. c4 e5 2. Nc3 Bb4 3. Nf3 Bxc3 4.
dxc3 d6 5. g3 f5 6. Bg2 Nf6 7.
O-O Nc6 8. b4 O-O 9. c5 e4 10.
Nd4 dxc5 11. bxc5 Qe7 12. Qb3+ Kh8 13. Rd1 h6 14. h3 Kh7 15. Rb1 Rd8 16. Ba3 e3 17. f4 Ne4 18. Kh2 Nxd4 19. cxd4 Nd2 20. Qc3 Nxb1 21. Rxb1 c6 22. Rb3 Be6 23. Qxe3 Qd7 24.
Rxb7 Qxb7 25. Qxe6 Qc8 26. Qxc8 Raxc8 27. e3 Re8 28.
Bc1 Re6 29. g4 g6 30. Kg3 Rb8 31. d5 cxd5 32. Bxd5 Re7 33. c6 Rb1 34. c7 Rxc1 0-1

[Event "*** Qualifier 1: Titled Tuesday 3|2 Blitz"]
[Site "Chess.com"]
[Date "2017.04.04"]
[Round "9"]
[White "Fandorine"]
[Black "GeorgMeier"]
[Result "1-0"]
[WhiteElo "2659"]
[BlackElo "2704"]
[TimeControl "180+2"]
[EndTime "15:07:10 PDT"]
[Termination "Fandorine won by resignation"]

1. g3 d5 2. Bg2 c6 3. Nf3 Bg4 4.
O-O Nd7 5. d4 e6 6. Nbd2 Ngf6 7.
Re1 Be7 8. e4 O-O 9. c3 Qc7 10. Qb3 Rfc8 11. h3 Bh5 12. exd5 cxd5 13. Nf1 Bd6 14. a4 a5 15. Qc2 Rab8 16. Qe2 Ne4 17.
g4 Bg6 18. Nh4 Nef6 19. Nxg6 hxg6 20. Ne3 Bh2+ 21. Kh1 Bf4 22. Nc2 Bxc1 23. Raxc1 Qf4 24. Na3 Nb6 25. b3 Ne8 26. Rc2 Nd6 27. Nb5 Nd7 28. Rec1 Nf6 29. Qe3 Qxe3 30. fxe3 Nde4 31. Kg1 b6 32. c4 g5 33. Kf1 g6 34. Ke2 Kg7 35.
cxd5 exd5 36. Rxc8 1-0

[Event "*** Qualifier 1: Titled Tuesday 3|2 Blitz"]
[Site "Chess.com"]
[Date "2017.04.04"]
[Round "9"]
[White "Vamostodorecto"]
[Black "Fiona"]
[Result "1-0"]
[WhiteElo "2340"]
[BlackElo "2151"]
[TimeControl "180+2"]
[EndTime "15:07:11 PDT"]
[Termination "Vamostodorecto won by resignation"]

1. d4 d6 2. c4 f5 3. Nc3 Nf6 4. Nf3 g6 5. h4 h6 6. d5 c5 7. Nd2 e5 8. e4 f4 9. Bd3 Bg4 10. f3 Bd7 11. a3 Nh5 12. Nf1 Be7 13. b4 Bxh4+ 14. Kd2 b6 15. Rb1 Na6 16. Kc2 Rc8 17.
b5 Nc7 18. a4 Ra8 19. Bd2 a6 20. Be1 Bxe1 21. Qxe1 axb5 22. axb5 Qg5 23. Qf2 O-O 24. Nd2 Ra2+ 25. Nxa2 Ra8 26. Nc3 Rf8 27. Ra1 Ng3 28. Rhe1 Ne8 29. Ra7 Bc8 30. Ra8 Bd7 31. Rb8 h5 32. Rxb6 h4 33. Rb7 Bc8 34. Rb8 Bd7 35. b6 h3 36. gxh3 Bxh3 37. b7 Qe7 38. Rb1 Kg7 39.
Ra8 Nc7 40. Rxf8 1-0

[Event "*** Qualifier 1: Titled Tuesday 3|2 Blitz"]
[Site "Chess.com"]
[Date "2017.04.04"]
[Round "9"]
[White "TenisMaster"]
[Black "daro94"]
[Result "1/2-1/2"]
[WhiteElo "2658"]
[BlackElo "2706"]
[TimeControl "180+2"]
[EndTime "15:07:23 PDT"]
[Termination "Game drawn by repetition"]

1. e4 e5 2. Nf3 Nc6 3. Bb5 Nf6 4.
d3 Bc5 5. O-O d6 6. h3 O-O 7. c3 Ne7 8. d4 Bb6 9. Bd3 Nc6 10. d5 Ne7 11. c4 Ng6 12. Nc3 a5 13. Be3 Bxe3 14. fxe3 Bd7 15. Rc1 c6 16. Qd2 h6 17. Kh2 Qe7 18. Ng1 h5 19. Nge2 h4 20.
a4 Nh5 21. Rf3 Qg5 22. Rcf1 Ne7 23. Qe1 c5 24. Qf2 f6 25. b3 b6 26. Rf5 Nxf5 27.
exf5 Ng3 28. Nxg3 hxg3+ 29. Qxg3 Qxg3+ 30. Kxg3 Kf7 31. Ne4 Ke7 32. Nc3 Rh8 33. Kh2 Rag8 34.
g4 Rh4 35. Rf3 Rgh8 36. Kg2 Be8 37. Ne4 Rf8 38. Ng3 Rfh8 39. Nf1 Bd7 40. Be4 Be8 41.
Bd3 Bd7 42. Nd2 Be8 43. Rg3 Bf7 44. Nf3 R4h7 45. Be4 Be8 46. Bd3 Bf7 47. Be4 Be8 48. Bd3 Bf7 49. Be4 Be8 50. Bd3 Bf7 1/2-1/2

[Event "*** Qualifier 1: Titled Tuesday 3|2 Blitz"]
[Site "Chess.com"]
[Date "2017.04.04"]
[Round "9"]
[White "Osensei"]
[Black "FearlessKing64"]
[Result "0-1"]
[WhiteElo "1696"]
[BlackElo "2098"]
[TimeControl "180+2"]
[EndTime "15:07:25 PDT"]
[Termination "FearlessKing64 won by resignation"]

1. e4 c5 2. Nf3 d6 3. d4 cxd4 4.
Nxd4 Nf6 5. f3 a6 6. c4 Nc6 7.
Nc3 e6 8. Be3 d5 9. cxd5 exd5 10. exd5 Nxd5 11. Nxd5 Qxd5 12. Rc1 Bb4+ 13. Kf2 Nxd4 14.
Bxd4 O-O 15. Bc4 Qg5 16. Be3 Qh4+ 17. g3 Qh3 18. Qb3 Be7 19. Bf1 Qe6 20. Bc4 Qg6 21.
Rhd1 Bh3 22. Bb6 Rac8 23. Bf1 Be6 24. Qe3 Bg5 25. f4 Bf6 26. Bd3 Qh6 27. Kg1 Bxb2 28. Rxc8 Rxc8 29. Be4 Qh5 30. Bxb7 Qxd1+ 31. Kg2 Rc2+ 32.
Qf2 Bd5+ 33. Bxd5 Qxd5+ 34. Kg1 Rxf2 35. Kxf2 Bd4+ 36. Bxd4 Qxd4+ 37. Kf3 Qb2 38. Kg4 Qxa2 39. h4 Qe6+ 40. Kf3 f5 41. h5 Qe4+ 0-1

[Event "*** Qualifier 1: Titled Tuesday 3|2 Blitz"]
[Site "Chess.com"]
[Date "2017.04.04"]
[Round "9"]
[White "Outsmiter"]
[Black "poummba"]
[Result "1-0"]
[WhiteElo "2129"]
[BlackElo "2373"]
[TimeControl "180+2"]
[EndTime "15:07:29 PDT"]
[Termination "Outsmiter won by resignation"]

1. e4 c6 2. d4 d5 3. exd5 cxd5 4. Nf3 g6 5. Bd3 Nc6 6. c3 Bg7 7. O-O Nh6 8. Re1 O-O 9. Bf4 f6 10. Nbd2 Nf7 11. Bg3 e5 12. dxe5 fxe5 13. Bb5 e4 14. Nd4 Nxd4 15. cxd4 Bxd4 16. Qb3 Qb6 17. Qxd5 Be6 18.
Qxe4 Ng5 19. Qd3 Rad8 20. Qe2 Bxb2 21. Rab1 Qd4 22. h4 Qxd2 23. hxg5 Qxe2 24. Rxe2 Bxa2 25. Rbxb2 Rd1+ 26. Kh2 Bd5 27. Rbd2 Rxd2 28. Rxd2 Be6 29. Rd6 Bf5 30. Bd7 Bxd7 31. Rxd7 Rf7 32. Rd8+ Rf8 33.
Rd6 b6 34. Be5 Kf7 35. f4 Re8 36. Rc6 Re7 37. Kg3 Rd7 38. Kf3 Rb7 39. Ke4 b5 40. Rc7+ Rxc7 41. Bxc7 Ke6 42. g4 b4 43. Kd4 b3 44.
Kc3 Kd5 45. Kxb3 Ke4 46. Be5 Kd5 47. Kb4 Ke4 48. Kc4 Kf3 49. f5 Kxg4 50. f6 1-0

[Event "*** Qualifier 1: Titled Tuesday 3|2 Blitz"]
[Site "Chess.com"]
[Date "2017.04.04"]
[Round "9"]
[White "Bugcrusher"]
[Black "MorpheusPro"]
[Result "1-0"]
[WhiteElo "2451"]
[BlackElo "2106"]
[TimeControl "180+2"]
[EndTime "15:07:31 PDT"]
[Termination "Bugcrusher won by resignation"]

1. d4 d5 2. c4 c6 3. cxd5 cxd5 4.
Bf4 Nc6 5. e3 Nf6 6. Nc3 e6 7. Bd3 Be7 8. h3 a6 9. Rc1 O-O 10. a3 h6 11. Nf3 Bd6 12. Bxd6 Qxd6 13. O-O e5 14. dxe5 Nxe5 15. Nxe5 Qxe5 16. Be2 Bd7 17. Bf3 Bc6 18. Qd2 Rad8 19. Rfd1 Ne4 20. Bxe4 dxe4 21. Qxd8 Rxd8 22. Rxd8+ Kh7 23. Rd4 f5 24.
Rcd1 f4 25. exf4 Qxf4 26. Nxe4 Bxe4 27. Re1 a5 28. Rdxe4 Qd2 29. R1e2 Qc1+ 30. Kh2 Qc7+ 31. g3 b5 32. h4 Qc5 33. Re5 Qc4 34. Kg2 Qc6+ 35.
Kh2 Qc4 36. h5 b4 37. axb4 axb4 38. R2e4 Qc2 39. Rf4 Qxb2 40. Re8 Qa2 41. Rff8 g5 42. Re7+ 1-0

[Event "*** Qualifier 1: Titled Tuesday 3|2 Blitz"]
[Site "Chess.com"]
[Date "2017.04.04"]
[Round "9"]
[White "Goala"]
[Black "MITerryble"]
[Result "0-1"]
[WhiteElo "2305"]
[BlackElo "2747"]
[TimeControl "180+2"]
[EndTime "15:07:41 PDT"]
[Termination "MITerryble won by checkmate"]

1. d4 e6 2. c4 Bb4+ 3. Bd2 Qe7 4.
g3 Nf6 5. Bg2 O-O 6. Nc3 Nc6 7.
Nf3 d6 8. O-O Bxc3 9. Bxc3 Ne4 10. Rc1 e5 11. d5 Nb8 12. Be1 a5 13. Nd2 Nc5 14. Nb1 f5 15. b3 f4 16. a3 Bf5 17. Nc3 a4 18. Nxa4 Nxa4 19. bxa4 Nd7 20.
a5 h5 21. Bb4 h4 22. e3 fxg3 23. fxg3 hxg3 24. Qh5 gxh2+ 25. Kh1 g6 26. Qh6 Nf6 27.
c5 Ng4 28. cxd6 cxd6 29. Bxd6 Qxd6 30. Qh4 Nxe3 31. Rf3 Nxg2 32. Kxg2 Rac8 33. Rxc8 Rxc8 34. Kxh2 e4+ 35. Rg3 Rc2+ 36. Kh1 Qc5 37. Qd8+ Kf7 38. Qg5 Qf2 39. Qh6 Qxg3 40. Qh7+ Kf6 41. Qh8+ Kg5 42. Qd8+ Kg4 43. Qc7 Qg2# 0-1

[Event "*** Qualifier 1: Titled Tuesday 3|2 Blitz"]
[Site "Chess.com"]
[Date "2017.04.04"]
[Round "9"]
[White "Sethu0025"]
[Black "Robin-Side"]
[Result "0-1"]
[WhiteElo "2579"]
[BlackElo "2431"]
[TimeControl "180+2"]
[EndTime "15:07:42 PDT"]
[Termination "Robin-Side won by checkmate"]

1. d4 Nf6 2. Bf4 d5 3. Nf3 e6 4. e3 c5 5. c3 Nc6 6. Nbd2 Bd6 7. Bg3 O-O 8. Bb5 Ne7 9. Bd3 b6 10. Qe2 Bb7 11. Ne5 Nf5 12. f4 Be7 13. Bf2 Nd6 14. O-O Nfe4 15. Ndf3 f6 16. Ng4 h5 17. Nh4 Qe8 18. dxc5 bxc5 19. f5 exf5 20. Bxe4 fxe4 21. Bg3 hxg4 22. Bxd6 Bxd6 23. Nf5 Qe5 24. Qxg4 g5 25.
Qh5 Qxh2+ 26. Qxh2 Bxh2+ 27. Kxh2 Rad8 28. Rad1 Kf7 29. Kg3 Bc8 30. c4 Bxf5 31. Rxf5 d4 32. Rxc5 d3 33. Rc7+ Kg6 34. Rc6 Rc8 35. Rxc8 Rxc8 36.
b3 Kf5 37. Rh1 Rc6 38. Kf2 Ra6 39. a4 Rb6 40. Rb1 a5 41. c5 Rc6 42. Rc1 Ke6 43.
Ke1 Kd5 44. Kd2 Rxc5 45. Rf1 Rc2+ 46. Kd1 Ke5 47. g4 Rb2 48. Rf5+ Ke6 49. Rxa5 Re2 50.
Ra6+ Kf7 51. Ra7+ Kg6 52. a5 Rxe3 53. a6 Rg3 54. Rd7 Rxg4 55. a7 Rg1+ 56. Kd2 Ra1 57.
b4 g4 58. b5 g3 59. b6 g2 60. Rd8 Kg7 61. Rd7+ Kg6 62. Rd8 Ra2+ 63. Kc3 Kf7 64.
b7 g1=Q 65. b8=Q Rc2+ 66. Kb4 Qb1+ 67. Ka5 Ra2# 0-1

[Event "*** Qualifier 1: Titled Tuesday 3|2 Blitz"]
[Site "Chess.com"]
[Date "2017.04.04"]
[Round "9"]
[White "Noukii"]
[Black "keisyzrk"]
[Result "0-1"]
[WhiteElo "2638"]
[BlackElo "2278"]
[TimeControl "180+2"]
[EndTime "15:07:45 PDT"]
[Termination "keisyzrk won by resignation"]

1. d4 Nf6 2. Nf3 g6 3. Bg5 Bg7 4. Nbd2 d5 5. e3 O-O 6. Be2 b6 7. O-O c5 8. c3 Bb7 9. a4 Nc6 10.
h3 h6 11. Bf4 a6 12. Qb3 c4 13.
Qa3 b5 14. axb5 axb5 15. Qc5 Ra5 16. b4 Nd7 17. Qxc6 Bxc6 18. Rxa5 Nb6 19. Bd1 Qd7 20. Bc2 Ra8 21. Rfa1 Rxa5 22. Rxa5 Qb7 23. Nb1 Be8 24. Na3 Nc8 25. Kf1 Na7 26. Nb1 Nc6 27. Ra2 f6 28. Bg3 e5 29. Nh4 f5 30. Nf3 e4 31.
Nfd2 g5 32. Bd6 Bf8 33. Bxf8 Kxf8 34. g3 Ne7 35. Ra5 Nc6 36. Ra2 Bd7 37. Kg2 Kg7 38.
Bd1 Ne7 39. Nf1 f4 40. gxf4 gxf4 41. exf4 Ng6 42. Ne3 Nxf4+ 43. Kf1 Bxh3+ 44. Ke1 Be6 45. Nd2 Nd3+ 46. Kf1 Qf7 47. Nb1 h5 48. Kg2 h4 0-1

[Event "*** Qualifier 1: Titled Tuesday 3|2 Blitz"]
[Site "Chess.com"]
[Date "2017.04.04"]
[Round "9"]
[White "Generalas"]
[Black "scrapnel"]
[Result "1-0"]
[WhiteElo "2218"]
[BlackElo "2238"]
[TimeControl "180+2"]
[EndTime "15:07:52 PDT"]
[Termination "Generalas won on time"]

1. Nf3 d5 2. g3 b6 3. Bg2 Bb7 4.
O-O Nf6 5. b3 e6 6. Bb2 Be7 7.
c4 O-O 8. d3 c5 9. e3 Nc6 10. Qe2 Qc7 11. Nc3 Rac8 12. Rac1 Qb8 13. Rfd1 Rfd8 14. cxd5 exd5 15. d4 Nb4 16. Ne5 Ne4 17. a3 Nxc3 18. Bxc3 Na6 19. Qh5 g6 20. Qf3 f6 21. Ng4 f5 22. Nh6+ Kg7 23. Nxf5+ gxf5 24. Qxf5 c4 25. bxc4 Rxc4 26. Bb2 Rxc1 27. Rxc1 Qd6 28. e4 Rf8 29. Qg4+ Kh8 30. e5 Qg6 31. Qd7 Qf7 32.
Rc2 Ba8 33. f4 Nb8 34. Qg4 Nc6 35. Qf3 Na5 36. Rc7 Qe6 37. g4 Nc4 38. f5 Qh6 39.
Rxe7 Nxb2 40. h3 Qd2 41. Qf2 Qc1+ 42. Kh2 Nd3 43. Qg3 Nf4 44. f6 Rc8 45. f7 Rf8 46. g5 Ng6 47. Rxa7 Kg7 48. e6 1-0

[Event "*** Qualifier 1: Titled Tuesday 3|2 Blitz"]
[Site "Chess.com"]
[Date "2017.04.04"]
[Round "9"]
[White "donotreadit"]
[Black "jcgs1030"]
[Result "1/2-1/2"]
[WhiteElo "2483"]
[BlackElo "2295"]
[TimeControl "180+2"]
[EndTime "15:07:53 PDT"]
[Termination "Game drawn - insufficient material"]

1. d4 Nf6 2. c4 c5 3. Nf3 cxd4 4.
Nxd4 g6 5. g3 Bg7 6. Bg2 O-O 7.
O-O Nc6 8. Nc3 d6 9. Nc2 Be6 10. b3 Qd7 11. Re1 Rfd8 12. e4 Bh3 13. Bb2 Bxg2 14.
Kxg2 e6 15. Ne3 Rac8 16. Qd2 Ne5 17. Rad1 h5 18. h3 a6 19. f4 Nc6 20. Nc2 b5 21. cxb5 axb5 22. Nxb5 Qb7 23. Nc3 Ne7 24. Kh2 h4 25. g4 Qc7 26. Nd4 g5 27. Ncb5 Qb8 28. a4 gxf4 29. Nf3 d5 30. Be5 Nxg4+ 31. hxg4 Bxe5 32. exd5 Rxd5 33. Qb4 Bd6 34. Qe4 Rcc5 35. b4 Rxb5 36. axb5 Qxb5 37. Rxd5 Nxd5 38. Rd1 Qa4 39.
Rxd5 exd5 40. Qxd5 Qc2+ 41. Kh3 Qf2 42. Qg5+ Kf8 43.
Qd8+ Kg7 44. Qg5+ Kh7 45. Qh5+ Kg8 46. Qg5+ Kf8 47. Qd8+ Kg7 48. Qg5+ Kh8 49. Qxh4+ Qxh4+ 50. Kxh4 Bxb4 51. Kg5 Bd6 52. Kf6 Kg8 53. Ng5 Kf8 54.
Nh7+ Ke8 55. Kf5 f3 56. Nf6+ Kf8 57. Ne4 Kg7 58. g5 Bh2 59. Kg4 Kg6 60. Kxf3 Kf5 61. Ke3 Bf4+ 62. Kf3 Bxg5 63. Nd6+ Ke6 64. Nxf7 Kxf7 1/2-1/2

[Event "*** Qualifier 1: Titled Tuesday 3|2 Blitz"]
[Site "Chess.com"]
[Date "2017.04.04"]
[Round "9"]
[White "FairChess_on_YouTube"]
[Black "SergeiAza"]
[Result "1-0"]
[WhiteElo "2730"]
[BlackElo "2634"]
[TimeControl "180+2"]
[EndTime "15:08:06 PDT"]
[Termination "FairChess_on_YouTube won by resignation"]

1. d4 Nf6 2. Bg5 Ne4 3. Bf4 c5 4. f3 Qa5+ 5. c3 Nf6 6. d5 e6 7.
e4 exd5 8. exd5 d6 9. Na3 Be7 10.
Bd2 O-O 11. c4 Qd8 12. Ne2 Re8 13. Ng3 Nh5 14. Kf2 Bh4 15. Bd3 Qf6 16. Nc2 Nd7 17. Kg1 Bxg3 18. hxg3 Nxg3 19. Rh3 Nf5 20. Bc3 Qg6 21. Qd2 Ne5 22. Re1 Bd7 23. Bxe5 Rxe5 24. Rxe5 dxe5 25. g4 Re8 26. Be4 Qf6 27. gxf5 Bxf5 28.
Rg3 Bg6 29. Ne3 Qh4 30. Rg4 Qh6 31. Qf2 Rf8 32. Bf5 Qh5 33. Qh2 Qxh2+ 34. Kxh2 Bxf5 35. Nxf5 g6 36. Nd6 f5 37. Rg1 b6 38. Re1 Rd8 39. Nb5 a6 40. Nc7 b5 41. cxb5 axb5 42. Rxe5 Kf7 43. Nxb5 Kf6 44. Re6+ Kg5 45. d6 Kf4 46.
Kg2 g5 47. Nc3 g4 48. Nd5+ Kg5 49. f4+ Kh5 50. d7 1-0

[Event "*** Qualifier 1: Titled Tuesday 3|2 Blitz"]
[Site "Chess.com"]
[Date "2017.04.04"]
[Round "9"]
[White "kleinebeer98"]
[Black "TheNextLevelFan"]
[Result "1-0"]
[WhiteElo "2504"]
[BlackElo "2369"]
[TimeControl "180+2"]
[EndTime "15:08:09 PDT"]
[Termination "kleinebeer98 won by resignation"]

1. e4 e5 2. Nf3 Nc6 3. Bb5 a6 4. Ba4 Nf6 5. d3 d6 6. c3 Be7 7. Bg5 O-O 8. Nbd2 Nh5 9. h4 Nf4 10. Bxf4 exf4 11. Qe2 Bg4 12. d4 Kh8 13. Qd3 f5 14.
Ng5 fxe4 15. Ndxe4 Bf5 16. Qf3 d5 17. Nd2 Bxg5 18. hxg5 Qe7+ 19. Kf1 Qxg5 20. Rh5 Qg6 21.
Rh4 Be4 22. Qh3 f3 23. Nxe4 dxe4 24. Bc2 Rae8 25. Re1 fxg2+ 26. Kg1 h6 27. Rhxe4 Qf6 28. Qxg2 Rxe4 29. Qxe4 Qxf2+ 30. Kh1 g6 31. d5 Nd8 32. Rg1 Qf3+ 33. Qxf3 Rxf3 34. Rxg6 Nf7 35. Kg2 Rf4 36. Kg3 Rf1 37. Re6 Rc1 38. Bb3 Rg1+ 39. Kf4 Rg7 40. Re8+ Kh7 41. Bc2+ Rg6 42. Re6 Nh8 43.
Re7+ Kg8 44. Re8+ Kg7 45. Bxg6 Nxg6+ 46. Kf5 Nh4+ 47. Ke6 Nf3 48. Re7+ Kg6 49. Rxc7 h5 50. d6 Ng5+ 51. Ke7 h4 52. d7 h3 53. d8=Q h2 54. Qg8+ Kf5 55. Rc5+ Ke4 56. Qd5+ 1-0

[Event "*** Qualifier 1: Titled Tuesday 3|2 Blitz"]
[Site "Chess.com"]
[Date "2017.04.04"]
[Round "9"]
[White "Zhani-Z"]
[Black "wonderfultime"]
[Result "0-1"]
[WhiteElo "2402"]
[BlackElo "2658"]
[TimeControl "180+2"]
[EndTime "15:08:14 PDT"]
[Termination "wonderfultime won by resignation"]

1. e4 c5 2. Nf3 d6 3. Bb5+ Nd7 4.
c3 a6 5. Ba4 Nf6 6. Bc2 e6 7. O-O b5 8. d4 Bb7 9. Re1 Be7 10. Nbd2 O-O 11. Nf1 Re8 12. Ng3 Nf8 13.
h3 Qb6 14. Be3 Rec8 15. Qd2 Qc7 16. Rac1 a5 17. Qe2 b4 18. Bg5 bxc3 19. bxc3 a4 20. e5 dxe5 21. dxe5 Nd5 22. Bxe7 Qxe7 23. Ne4 Ba6 24. Qd2 Rd8 25. Nd6 Ng6 26. Bxg6 hxg6 27. c4 Nb6 28. Qf4 f6 29. Ne4 Nd7 30. exf6 gxf6 31. Rcd1 Kg7 32. h4 Bb7 33. h5 gxh5 34. Qh4 Bxe4 35. Rxe4 Rh8 36. Qg3+ Kf7 37. Qc7 Nf8 38. Qf4 Ng6 39. Qe3 Rad8 40. Re1 e5 41. Qa3 Rhg8 42. Qxa4 Qe6 43. Qa7+ Rd7 44. Qxc5 Qf5 45.
Qc6 Ne7 46. Qb5 Qxf3 47. g3 Rdd8 48. c5 Rxg3+ 49. fxg3 Qxg3+ 50. Kf1 Qf3+ 51. Kg1 Rg8+ 0-1

[Event "*** Qualifier 1: Titled Tuesday 3|2 Blitz"]
[Site "Chess.com"]
[Date "2017.04.04"]
[Round "9"]
[White "Rating-Schmating"]
[Black "biveklama"]
[Result "1/2-1/2"]
[WhiteElo "2235"]
[BlackElo "2189"]
[TimeControl "180+2"]
[EndTime "15:08:20 PDT"]
[Termination "Game drawn by stalemate"]

1. e4 c5 2. Nf3 d6 3. d4 cxd4 4. Nxd4 Nf6 5. Bd3 e5 6. Nb5 a6 7. N5a3 b5 8. c4 b4 9. Nc2 a5 10. Bg5 Be7 11. Ne3 O-O 12. Nd2 Bb7 13. O-O Nc6 14.
Bxf6 Bxf6 15. Nf3 Re8 16. Nf5 g6 17. Nh6+ Kg7 18. Ng4 h5 19. Ne3 Rc8 20. a3 Qb6 21. Nd5 Qd8 22. axb4 Nxb4 23. Nxb4 axb4 24. Qa4 Qb6 25. Qa7 Bd8 26. Qxb6 Bxb6 27. b3 Ra8 28. Rfc1 Ra3 29. Rab1 f5 30. Nd2 Ra2 31. Rc2 Rxc2 32. Bxc2 Ra8 33. exf5 Ra2 34. Rc1 gxf5 35. Kf1 e4 36.
Ke2 Kf6 37. f4 Bd4 38. Nf1 d5 39. Ne3 Bb2 40. Rd1 d4 41. Nd5+ Bxd5 42. cxd5 Bc3 43. d6 Rxc2+ 44. Kf1 e3 45. Rb1 e2+ 46. Kg1 e1=Q+ 47.
Rxe1 Bxe1 48. d7 Ke7 49. Kf1 Bc3 50. g4 hxg4 51. h3 gxh3 52. d8=Q+ Kxd8 53. Kg1 d3 54. Kf1 Rg2 1/2-1/2